AoeStats
← periquin_182

Arabia

508770229Analyzed
1v1 RM · 10d ago on Sep 24, 2026· 46m 32s· 2 players
Game mode
Random Map
Map size
Tiny (2 player)
Population
200
Speed
Normal
Resources
Standard
Victory
Conquest
Starting age
Dark Age
Ending age
Imperial Age
RankedLock teamsTeams togetherTeam positionsShared explorationLock speedFull tech treeHidden civsTurbo modeCheats
Victory
Defeat
🇲🇽 Mapuche · Mexico
899
+14
🇦🇷 Ethiopians · Argentina
863
-14
Calamar[CAP]
6:35 Loom
9:47 Feudal Age
12:46 Double-Bit Axe
18:11 Castle Age
18:35 Fletching
18:46 Padded Archer Armor
18:20 Crossbowman
22:08 Thumb Ring
26:53 Bow Saw
26:45 Gold Mining
27:46 Bodkin Arrow
28:06 Leather Archer Armor
28:57 Stone Mining
30:03 Horse Collar
32:28 Ballistics
33:03 Town Watch
33:53 Wheelbarrow
36:09 Leather Archer Armor
36:10 Forging
37:12 Scale Mail Armor
43:53 Imperial Age
periquin_182
3:59 Loom
10:05 Feudal Age
10:38 Double-Bit Axe
13:13 Champi Runner
16:48 Fletching
21:25 Castle Age
19:54 Stone Mining
20:20 Padded Archer Armor
20:47 Forging
21:30 Scale Mail Armor
21:22 Horse Collar
27:00 Wheelbarrow
30:35 Elite Skirmisher
32:10 Leather Archer Armor
37:05 Imperial Age
35:19 Bow Saw
35:27 Bodkin Arrow
36:28 Heavy Plow
38:20 Conscription
39:59 Champi Warrior
44:36 Ballistics
45:17 Chemistry
45:36 Ring Archer Armor
Connection lost

Rejoining the realm…

Still unreachable

The connection could not be restored.

Session expired

The server has moved on; the page needs a fresh start.